AoeStats
← Tunga

Arabia

505225432Analyzed
1v1 RM · 25d ago on Sep 8, 2026· 56m 25s· 2 players
Game mode
Random Map
Map size
Tiny (2 player)
Population
200
Speed
Normal
Resources
Standard
Victory
Conquest
Starting age
Dark Age
Ending age
Imperial Age
RankedLock teamsTeams togetherTeam positionsShared explorationLock speedFull tech treeHidden civsTurbo modeCheats
Victory
Defeat
🇹🇷 Bohemians · Türkiye
766
+17
🇹🇷 Turks · Türkiye
790
-17
mumistation
7:38 Loom
9:53 Feudal Age
14:01 Scale Barding Armor
17:13 Double-Bit Axe
24:27 Castle Age
23:11 Horse Collar
24:42 Forging
25:21 Husbandry
24:43 Light Cavalry
25:45 Chain Barding Armor
26:59 Fletching
27:10 Padded Archer Armor
29:27 Crossbowman
32:51 Bow Saw
32:49 Heavy Plow
32:46 Bodkin Arrow
33:06 Leather Archer Armor
33:27 Iron Casting
35:09 Scale Mail Armor
37:24 Wheelbarrow
42:20 Imperial Age
42:55 Chain Mail Armor
43:13 Arbalester
44:15 Bracer
45:45 Two-Man Saw
46:21 Pikeman
48:35 Elite Skirmisher
55:39 Conscription
56:01 Ring Archer Armor
Tunga
10:40 Feudal Age
8:55 Loom
12:21 Wheelbarrow
13:46 Gold Mining
16:23 Padded Archer Armor
17:23 Fletching
18:23 Double-Bit Axe
27:16 Castle Age
30:29 Husbandry
32:32 Leather Archer Armor
34:58 Scale Barding Armor
46:16 Hand Cart
48:45 Imperial Age
47:31 Horse Collar
50:15 Elite Janissary
53:47 Hand Cart
Connection lost

Rejoining the realm…

Still unreachable

The connection could not be restored.

Session expired

The server has moved on; the page needs a fresh start.